 Dungeon Crawl Stone Soup version 0.21.1-1-g345015f (webtiles) character file.

23 Goblin1989 the Insei (level 2, -1/21 HPs)
             Began as a Demonspawn Transmuter on Mar 5, 2018.
             Slain by a kobold
             ... wielding a +0 short sword
              (3 damage)
             ... on level 1 of the Dungeon.
             The game lasted 00:01:06 (774 turns).

Goblin1989 the Insei (Demonspawn Transmuter)         Turns: 774, Time: 00:01:06

Health: -1/21      AC:  2    Str: 10    XL:     2   Next: 72%
Magic:  5/5        EV: 12    Int: 14    God:
Gold:   39         SH:  2    Dex: 13    Spells: 4/5 levels left

rFire    . . .     SeeInvis .     - Unarmed
rCold    . . .     Gourm    .   (no shield)
rNeg     . . .     Faith    .   b - +0 robe
rPois    .         Spirit   .   (no helmet)
rElec    .         Reflect  +   (no cloak)
rCorr    .         Harm     .   (no gloves)
MR       .....                  (no boots)
Stlth    +.........             j - +2 amulet of reflection
HPRegen  0.07/turn              (no ring)
MPRegen  0.09/turn              (no ring)

@: no status effects
A: rot immunity
a: no special abilities


You were on level 1 of the Dungeon.
You were not hungry.

You visited 1 branch of the dungeon, and saw 1 of its levels.

You collected 39 gold pieces.

Inventory:

Missiles
 a - 29 arrows
 f - 34 stones (quivered)
Armour
 b - a +0 robe (worn)
 h - a +0 ring mail
Jewellery
 j - a +2 amulet of reflection (around neck)
Scrolls
 m - 2 scrolls of identify {unknown}
Potions
 i - a potion of resistance {unknown}
 l - a potion of flight {unknown}
Books
 c - a book of Changes

   Spells                             Type                      Level
   a - Beastly Appendage              Transmutation                1
   b - Sticks to Snakes               Transmutation                2
   c - Spider Form                    Transmutation/Poison         3
   d - Ice Form                       Ice/Transmutation            4
   e - Blade Hands                    Transmutation                5
Comestibles
 e - 2 rations
 k - a chunk of flesh


   Skills:
 + Level 1.3 Fighting
 + Level 2.0 Dodging
 * Level 3.1 Unarmed Combat
 + Level 2.2 Spellcasting
 + Level 2.0 Transmutations


You had 4 spell levels left.
You knew the following spells:

 Your Spells              Type           Power        Failure   Level  Hunger
a - Beastly Appendage     Tmut           #.....       10%         1    #......


Dungeon Overview and Level Annotations

Branches:
Dungeon (1/15)

Altars:


Innate Abilities, Weirdness & Mutations

You are immune to rotting.


Message History

There is an open door here.
A kobold comes into view. It is wielding a dagger.
A kobold is nearby!
The kobold shouts!
The kobold hits you but does no damage.
You hit the kobold.
You kill the kobold!
No target in view!
No target in view!
No target in view!
No target in view!
No target in view!
No target in view!
No target in view!
No target in view!
No target in view!
No target in view!
No target in view!
No target in view!
No target in view!
No target in view!
No target in view!
No target in view!
No target in view!
No target in view!
No target in view!
No target in view!
Things that are here:
a dagger; a kobold corpse
m - a scroll labeled LOIGHA VUIDOSO
m - 2 scrolls labeled LOIGHA VUIDOSO (gained 1)
A kobold comes into view. It is wielding a dagger.
The kobold shouts!
The kobold throws a stone.
The stone closely misses you.
You see here a stone.
The kobold hits you with a dagger.
A rat comes into view.
You take 3 damage, and have 18/21 hp.
You barely miss the kobold. You hit the kobold but do no damage.
The kobold hits you with a dagger.
You take 4 damage, and have 14/21 hp.
You closely miss the kobold. The kobold hits you but does no damage.
You hit the kobold.
The kobold is heavily wounded.
The rat bites you. The kobold hits you but does no damage.
You take 1 damage, and have 13/21 hp.
You hit the kobold.
You kill the kobold!
The rat completely misses you.
You completely miss the rat. The rat bites you.
You take 2 damage, and have 11/21 hp.
You are too injured to fight recklessly!
You are too injured to fight recklessly!
You are too injured to fight recklessly!
You are too injured to fight recklessly!
You are too injured to fight recklessly!
You are too injured to fight recklessly!
You are too injured to fight recklessly!
You are too injured to fight recklessly!
You are too injured to fight recklessly!
You are too injured to fight recklessly!
You are too injured to fight recklessly!
You are too injured to fight recklessly!
You are too injured to fight recklessly!
A rat is nearby!
A rat is nearby!
A goblin comes into view.
You see here a stone.
The goblin shouts!
You hit the rat.
You kill the rat!
You hear a shout!
You see here a rat corpse.
The goblin hits you.
* * * LOW HITPOINT WARNING * * *
You take 4 damage, and have 8/21 hp.
You closely miss the goblin. You block the goblin's attack.
You hit the goblin.
The goblin is heavily wounded.
The goblin completely misses you.
A kobold comes into view. It is wielding a short sword.
You hit the goblin.
You kill the goblin!
Things that are here:
a dagger; a goblin corpse; a kobold corpse You hit the kobold.
The kobold is severely wounded.
The kobold misses you.
You barely miss the kobold.
The kobold is severely wounded.
The kobold barely misses you.
You barely miss the kobold.
The kobold is severely wounded.
The kobold hits you with a short sword.
* * * LOW HITPOINT WARNING * * *
You take 6 damage, and have 2/21 hp.
MASSIVE DAMAGE!!
You barely miss the kobold.
The kobold is severely wounded.
The kobold hits you with a short sword.
You die...

███ ..█ █.█ █ █.█
█.█ ██.█ ███ ..
██..█ ████████.██
█.█...████.........█
█..@)..†(..██████.██
███K..██████ █.█
.......█ █.█
█████.██ █.█ █.█ █.█
█▲█ █.█ █████.█
█[....█ █..████


You could see a kobold.

Vanquished Creatures
  2 dart slugs (D:1)
  A leopard gecko (D:1)
  A ball python (D:1)
  A bat (D:1)
  A goblin (D:1)
  A hobgoblin (D:1)
  7 kobolds (D:1)
  2 rats (D:1)
16 creatures vanquished.

Notes
Turn   | Place    | Note
-------+----------+-------------------------------------------
     0 | D:1      | Goblin1989 the Demonspawn Transmuter began the quest for the Orb.
     0 | D:1      | Reached XP level 1. HP: 15/15 MP: 3/3
   187 | D:1      | Gained mutation: You are immune to rotting. [demonic ancestry]
   187 | D:1      | Reached XP level 2. HP: 13/21 MP: 1/5
   397 | D:1      | Reached skill level 3 in Unarmed Combat
   774 | D:1      | Slain by a kobold

Skill      XL: |  1  2 |
---------------+-------+-----
Unarmed Combat | 3 |  3.1
Transmutations | 2 |  2.0
Dodging        | 2 |  2.0
Fighting       | |  1.3
Spellcasting   | |  2.2

Action                   || total
-------------------------++-------
Melee: Unarmed           ||    61
       Headbutt          ||     1
 Cast: Beastly Appendage ||     1
Armor: Robe              ||     6
Dodge: Dodged            ||    40
Block: Other             ||     5

Vault maps used:
D:1:      dpeg_arrival_tiny_d
